BSA
MAUI TROPICS @ SAN FRANCISCO BANDITS
06/09/2026
 
TOP OF THE 1ST
Maui Tropics batting - Pitching for San Francisco Bandits : RHP Mabuchi Yoshida
Pitching: RHP Mabuchi Yoshida
Batting: RHB Jeff Packard 0-0: Called Strike
0-1: Swinging Strike
0-2: Ball
1-2: SINGLE (Groundball, 34D)
Batting: RHB Michael Woodruff 0-0: Ball
1-0: Ball
2-0: Called Strike
2-1: Foul Ball, location: 2F
2-2: Strikes out swinging
Batting: RHB José Herrera 0-0: Ball
1-0: Swinging Strike
1-1: Ball
2-1: Ball
3-1: Fly out, F4 (Popup, 3DF)
Batting: LHB Luis Antonio Torres 0-0: Ball
1-0: Called Strike
1-1: Called Strike
1-2: Strikes out looking
Top of the 1st over - 0 run(s), 1 hit(s), 0 error(s), 1 left on base; Maui 0 - San Francisco 0
BOTTOM OF THE 1ST
San Francisco Bandits batting - Pitching for Maui Tropics : RHP José Ortíz
Pitching: RHP José Ortíz
Batting: RHB Pete Rideout 0-0: Ball
1-0: Foul Ball, location: 2F
1-1: Swinging Strike
1-2: Strikes out looking
Batting: RHB Cory Foster 0-0: Ball
1-0: Called Strike
1-1: Fly out, F9 (Flyball, 9D)
Batting: RHB Jorge Morales 0-0: Ball
1-0: Called Strike
1-1: Ball
2-1: Foul Ball, location: 2F
2-2: DOUBLE (Groundball, 5L)
Batting: RHB Michael Elliott 0-0: Ground out 6-3 (Groundball, 6)
Bottom of the 1st over - 0 run(s), 1 hit(s), 0 error(s), 1 left on base; Maui 0 - San Francisco 0
TOP OF THE 2ND
Maui Tropics batting - Pitching for San Francisco Bandits : RHP Mabuchi Yoshida
Batting: LHB Anacleto Morillo 0-0: Ball
1-0: Ball
2-0: Foul Ball, location: 2F
2-1: Ground out 4-3 (Groundball, 4)
Batting: RHB José Rodríguez 0-0: Called Strike
0-1: Called Strike
0-2: Foul Ball, location: 2F
0-2: Strikes out swinging
Batting: RHB Eugene Gill 0-0: SINGLE (Line Drive, 7S)
Batting: RHB Matt Silver 0-0: Ball
1-0: Called Strike
1-1: Ball
2-1: Foul Ball, location: 2F
2-2: Fly out, F7 (Flyball, 78XD)
Top of the 2nd over - 0 run(s), 1 hit(s), 0 error(s), 1 left on base; Maui 0 - San Francisco 0
BOTTOM OF THE 2ND
San Francisco Bandits batting - Pitching for Maui Tropics : RHP José Ortíz
Batting: LHB Jerry Bryan 0-0: Ball
1-0: Foul Ball, location: 2F
1-1: Swinging Strike
1-2: Foul Ball, location: 2F
1-2: Strikes out swinging
Batting: RHB Javier Ramírez 0-0: Ball
1-0: Ball
2-0: Foul Ball, location: 2F
2-1: Foul Ball, location: 2F
2-2: Strikes out swinging
Batting: SHB Vicente Ricks 0-0: DOUBLE (Flyball, 78XD)
Batting: RHB Bob Orr 0-0: Foul Ball, location: 2F
0-1: Ball
1-1: Ground out 4-3 (Groundball, 4M)
Bottom of the 2nd over - 0 run(s), 1 hit(s), 0 error(s), 1 left on base; Maui 0 - San Francisco 0
TOP OF THE 3RD
Maui Tropics batting - Pitching for San Francisco Bandits : RHP Mabuchi Yoshida
Batting: LHB Javier Espinoza 0-0: Ball
1-0: Ball
2-0: Called Strike
2-1: Foul Ball, location: 2F
2-2: Strikes out looking
Batting: RHB Jeff Packard 0-0: Ground out 5-3 (Groundball, 5L)
Batting: RHB Michael Woodruff 0-0: Called Strike
0-1: Called Strike
0-2: Ball
1-2: Strikes out swinging
Top of the 3rd over - 0 run(s), 0 hit(s), 0 error(s), 0 left on base; Maui 0 - San Francisco 0
BOTTOM OF THE 3RD
San Francisco Bandits batting - Pitching for Maui Tropics : RHP José Ortíz
Batting: RHB Emílio Bruno 0-0: Swinging Strike
0-1: Ball
1-1: Ground out 3-1 (Groundball, 34)
Batting: RHB Pete Rideout 0-0: Ball
1-0: Foul Ball, location: 2F
1-1: Swinging Strike
1-2: Ball
2-2: Ball
3-2: Foul Ball, location: 2F
3-2: Strikes out swinging
Batting: RHB Cory Foster 0-0: Called Strike
0-1: Ball
1-1: Fly out, F3 (Popup, 3SF)
Bottom of the 3rd over - 0 run(s), 0 hit(s), 0 error(s), 0 left on base; Maui 0 - San Francisco 0
TOP OF THE 4TH
Maui Tropics batting - Pitching for San Francisco Bandits : RHP Mabuchi Yoshida
Batting: RHB José Herrera 0-0: Called Strike
0-1: Ball
1-1: Ball
2-1: Ground out 5-3 (Groundball, 5)
Batting: LHB Luis Antonio Torres 0-0: Foul Ball, location: 2F
0-1: SINGLE (Groundball, 34S)
Batting: LHB Anacleto Morillo 0-0: Swinging Strike
0-1: Ball
1-1: Foul Ball, location: 2F
1-2: Strikes out looking
Batting: RHB José Rodríguez 0-0: Fly out, F5 (Popup, 5F)
Top of the 4th over - 0 run(s), 1 hit(s), 0 error(s), 1 left on base; Maui 0 - San Francisco 0
BOTTOM OF THE 4TH
San Francisco Bandits batting - Pitching for Maui Tropics : RHP José Ortíz
Batting: RHB Jorge Morales 0-0: Ball
1-0: Ball
2-0: Ball
3-0: Called Strike
3-1: Base on Balls
Batting: RHB Michael Elliott 0-0: Ball
1-0: Foul Ball, location: 2F
1-1: Ball
2-1: Ball
3-1: Base on Balls
Jorge Morales to second
Batting: LHB Jerry Bryan 0-0: Ball
Wild Pitch!
Jorge Morales to third
Michael Elliott to second
1-0: Called Strike
1-1: Ball
2-1: Ball
3-1: Base on Balls
Batting: RHB Javier Ramírez 0-0: Ball
1-0: Called Strike
1-1: SINGLE (Line Drive, 8RS)
Jorge Morales scores
Michael Elliott to third
Jerry Bryan to second
Runner from 3rd tries for Home, SAFE, no throw or cutoff
Batting: SHB Vicente Ricks 0-0: Fielders Choice at 2nd, 4-6 (Groundball, 4M)
Jerry Bryan to third
Batting: RHB Bob Orr 0-0: Hit by Pitch
Vicente Ricks to second
Batting: RHB Emílio Bruno 0-0: Fly out, F3 (Popup, 3)
Batting: RHB Pete Rideout 0-0: Ball
1-0: Ball
2-0: Called Strike
2-1: Ball
3-1: Ground out U3 (Groundball, 3L)
Bottom of the 4th over - 2 run(s), 1 hit(s), 0 error(s), 3 left on base; Maui 0 - San Francisco 2
TOP OF THE 5TH
Maui Tropics batting - Pitching for San Francisco Bandits : RHP Mabuchi Yoshida
Batting: RHB Eugene Gill 0-0: Called Strike
0-1: Swinging Strike
0-2: SINGLE (Groundball, 34)
Batting: RHB Matt Silver 0-0: Ball
1-0: Called Strike
Eugene Gill steals 2nd base
1-1: SINGLE (Line Drive, 78M)
Eugene Gill to third
Batting: LHB Javier Espinoza 0-0: Ball
1-0: Foul Ball, location: 2F
1-1: Called Strike
1-2: Ball
2-2: Strikes out swinging
Batting: RHB Jeff Packard 0-0: Foul Ball, location: 2F
0-1: Swinging Strike
0-2: Ball
1-2: Foul Ball, location: 2F
1-2: Ball
2-2: Ball
3-2: Strikes out swinging
Batting: RHB Michael Woodruff 0-0: Ball
1-0: Ball
2-0: 3-RUN HOME RUN (Flyball, 78XD), Distance : 378 ft
Batting: RHB José Herrera 0-0: Foul Ball, location: 2F
0-1: SINGLE (Line Drive, 56D)
Batting: LHB Luis Antonio Torres 0-0: Ball
1-0: Swinging Strike
1-1: Ball
2-1: Swinging Strike
2-2: Foul Ball, location: 2F
2-2: Ball
3-2: SINGLE (Line Drive, 89S)
José Herrera to second
José Herrera to third
Batting: LHB Anacleto Morillo 0-0: Ball
1-0: Ball
2-0: Ball
3-0: Base on Balls
Luis Antonio Torres to second
Batting: RHB José Rodríguez 0-0: Ball
1-0: SINGLE (Line Drive, 78S)
José Herrera scores
Luis Antonio Torres to third
Anacleto Morillo to second
Runner from 3rd tries for Home, SAFE, throw made home
Anacleto Morillo to third
José Rodríguez to second
Batting: RHB Eugene Gill 0-0: Fly out, F9 (Popup, 4D)
Top of the 5th over - 5 run(s), 6 hit(s), 0 error(s), 2 left on base; Maui 5 - San Francisco 2
BOTTOM OF THE 5TH
San Francisco Bandits batting - Pitching for Maui Tropics : RHP José Ortíz
Batting: RHB Cory Foster 0-0: Ball
1-0: Swinging Strike
1-1: Ball
2-1: Foul Ball, location: 2F
2-2: Reached on error, E2 (Groundball, 2L)
Batting: RHB Jorge Morales 0-0: Ball
1-0: Foul Ball, location: 2F
1-1: Called Strike
1-2: DOUBLE (Line Drive, 7D)
Cory Foster scores
Pinch Runner at 2nd Glenn Melican:
Batting: RHB Michael Elliott 0-0: Swinging Strike
0-1: Ball
1-1: Fly out, F9 (Flyball, 89D)
Runner from 2nd tags up, SAFE at 3rd, no throw
Batting: LHB Jerry Bryan 0-0: Foul Ball, location: 2F
0-1: Foul Ball, location: 2F
0-2: Ball
1-2: SINGLE (Popup, 8RS)
Glenn Melican scores
Batting: RHB Javier Ramírez 0-0: Ball
1-0: Called Strike
1-1: Called Strike
1-2: Ball
2-2: Ball
3-2: Foul Ball, location: 2F
3-2: Foul Ball, location: 2F
3-2: Foul Ball, location: 2F
3-2: Fly out, F3 (Popup, 34)
Batting: SHB Vicente Ricks 0-0: Ball
1-0: Ball
2-0: Called Strike
2-1: Ball
3-1: Foul Ball, location: 2F
3-2: Strikes out swinging
Bottom of the 5th over - 2 run(s), 2 hit(s), 1 error(s), 1 left on base; Maui 5 - San Francisco 4
TOP OF THE 6TH
Maui Tropics batting - Pitching for San Francisco Bandits : RHP Mabuchi Yoshida
Batting: RHB Matt Silver 0-0: SINGLE (Line Drive, 5)
Batting: LHB Javier Espinoza 0-0: Ball
1-0: Called Strike
1-1: Ball
2-1: Ball
3-1: Swinging Strike
3-2: SINGLE (Flyball, 9LM)
Matt Silver to second
Runner from 2nd tries for 3rd, SAFE, no throw or cutoff
Batting: RHB Jeff Packard 0-0: Ball
1-0: Called Strike
1-1: Reached on Error, E9 (Flyball, 9D)
Matt Silver scores
Javier Espinoza to third
Batting: RHB Michael Woodruff 0-0: Called Strike
0-1: Ball
1-1: Ball
2-1: Ground out U3 (Groundball, 3S)
Batting: RHB José Herrera 0-0: Ball
1-0: Fly out, F9 (Flyball, 9LM)
Batting: LHB Luis Antonio Torres 0-0: Swinging Strike
0-1: Swinging Strike
0-2: Ball
1-2: Ball
2-2: Ball
3-2: Strikes out swinging
Top of the 6th over - 1 run(s), 2 hit(s), 1 error(s), 2 left on base; Maui 6 - San Francisco 4
BOTTOM OF THE 6TH
San Francisco Bandits batting - Pitching for Maui Tropics : RHP José Ortíz
Batting: RHB Bob Orr 0-0: Ground out 4-3 (Groundball, 4S)
Batting: RHB Emílio Bruno 0-0: Ground out 5-3 (Groundball, 5)
Batting: RHB Pete Rideout 0-0: Called Strike
0-1: Ball
1-1: Ball
2-1: Ball
3-1: Foul Ball, location: 2F
3-2: Base on Balls
Batting: RHB Cory Foster 0-0: Ball
1-0: Foul Ball, location: 2F
1-1: SINGLE (Groundball, 34D)
Pete Rideout to second
Runner from 2nd tries for 3rd, SAFE, no throw or cutoff
Batting: RHB Glenn Melican 0-0: Foul Ball, location: 2F
0-1: Ball
1-1: Foul Ball, location: 2F
1-2: Ball
2-2: Foul Ball, location: 2F
2-2: Strikes out swinging
Bottom of the 6th over - 0 run(s), 1 hit(s), 0 error(s), 2 left on base; Maui 6 - San Francisco 4
TOP OF THE 7TH
Maui Tropics batting - Pitching for San Francisco Bandits : RHP Mabuchi Yoshida
Pitching: LHP Esteban Peña
Batting: LHB Anacleto Morillo 0-0: Ground out 4-3 (Groundball, 4M)
Batting: RHB José Rodríguez 0-0: Ball
1-0: Ball
2-0: Called Strike
2-1: Foul Ball, location: 2F
2-2: Strikes out swinging
Batting: RHB Eugene Gill 0-0: Foul Ball, location: 2F
0-1: Ball
1-1: Swinging Strike
1-2: Strikes out swinging
Top of the 7th over - 0 run(s), 0 hit(s), 0 error(s), 0 left on base; Maui 6 - San Francisco 4
BOTTOM OF THE 7TH
San Francisco Bandits batting - Pitching for Maui Tropics : RHP José Ortíz
Pitching: RHP Yong-taek Yi
Batting: RHB Michael Elliott 0-0: Ball
1-0: Ball
2-0: Ball
3-0: Base on Balls
Batting: LHB Jerry Bryan 0-0: Ball
1-0: Called Strike
1-1: Called Strike
1-2: Ball
2-2: Strikes out looking
Batting: RHB Javier Ramírez 0-0: Ball
1-0: Swinging Strike
1-1: Swinging Strike
1-2: Strikes out swinging
Batting: SHB Vicente Ricks 0-0: Foul Ball, location: 2F
0-1: Ball
1-1: Ball
2-1: Ball
3-1: Fly out, F8 (Flyball, 8RM)
Bottom of the 7th over - 0 run(s), 0 hit(s), 0 error(s), 1 left on base; Maui 6 - San Francisco 4
TOP OF THE 8TH
Maui Tropics batting - Pitching for San Francisco Bandits : LHP Esteban Peña
Batting: RHB Matt Silver 0-0: Called Strike
0-1: Foul Ball, location: 2F
0-2: Ground out 5-3 (Groundball, 5L)
Batting: LHB Javier Espinoza 0-0: Swinging Strike
0-1: SINGLE (Line Drive, 6MD)
Batting: RHB Jeff Packard 0-0: Ball
1-0: Swinging Strike
1-1: Foul Ball, location: 2F
1-2: Ball
2-2: Ball
3-2: Base on Balls
Javier Espinoza to second
Batting: RHB Michael Woodruff 0-0: Foul Ball, location: 2F
0-1: Foul Ball, location: 2F
0-2: Ball
1-2: Ball
2-2: Ball
3-2: Fly out, F9 (Line Drive, 9M)
Batting: RHB José Herrera 0-0: SINGLE (Line Drive, 7S)
Javier Espinoza to third
Jeff Packard to second
Runner from 3rd tries for Home, SAFE, no throw or cutoff
Batting: LHB Luis Antonio Torres 0-0: SINGLE (Line Drive, 78M)
Jeff Packard to third
José Herrera to second
Batting: LHB Anacleto Morillo 0-0: Called Strike
0-1: Ball
1-1: Foul Ball, location: 2F
1-2: Foul Ball, location: 2F
1-2: Ball
2-2: Ball
3-2: Strikes out looking
Top of the 8th over - 1 run(s), 3 hit(s), 0 error(s), 3 left on base; Maui 7 - San Francisco 4
BOTTOM OF THE 8TH
San Francisco Bandits batting - Pitching for Maui Tropics : RHP Yong-taek Yi
Batting: RHB Bob Orr 0-0: Called Strike
0-1: Foul Ball, location: 2F
0-2: Strikes out swinging
Pitching: RHP Chuk-yan Zhuan
Batting: RHB Emílio Bruno 0-0: Ball
1-0: Foul Ball, location: 2F
1-1: SINGLE (Groundball, 5D) (infield hit)
Batting: RHB Pete Rideout 0-0: Called Strike
0-1: Swinging Strike
0-2: Ball
1-2: Strikes out swinging
Batting: RHB Cory Foster 0-0: Called Strike
0-1: Called Strike
0-2: Ball
1-2: Ball
2-2: Foul Ball, location: 2F
2-2: Foul Ball, location: 2F
2-2: Ball
3-2: Strikes out looking
Bottom of the 8th over - 0 run(s), 1 hit(s), 0 error(s), 1 left on base; Maui 7 - San Francisco 4
TOP OF THE 9TH
Maui Tropics batting - Pitching for San Francisco Bandits : LHP Esteban Peña
Batting: RHB José Rodríguez 0-0: Ball
1-0: Fly out, F7 (Line Drive, 7S)
Batting: RHB Eugene Gill 0-0: Called Strike
0-1: Foul Ball, location: 2F
0-2: Ball
1-2: Foul Ball, location: 2F
1-2: Foul Ball, location: 2F
1-2: Ball
2-2: Ground out 4-3 (Groundball, 4)
Batting: RHB Matt Silver 0-0: Fly out, F9 (Flyball, 89S)
Top of the 9th over - 0 run(s), 0 hit(s), 0 error(s), 0 left on base; Maui 7 - San Francisco 4
BOTTOM OF THE 9TH
San Francisco Bandits batting - Pitching for Maui Tropics : RHP Chuk-yan Zhuan
Batting: RHB Glenn Melican 0-0: Ball
1-0: Ground out 5-3 (Groundball, 56)
Batting: RHB Michael Elliott 0-0: Called Strike
0-1: Ball
1-1: SOLO HOME RUN (Flyball, 78XD), Distance : 368 ft
Batting: LHB Jerry Bryan 0-0: Called Strike
0-1: Ball
1-1: Swinging Strike
1-2: Ball
2-2: Strikes out swinging
Batting: RHB Javier Ramírez 0-0: Called Strike
0-1: Fly out, F9 (Flyball, 9S)
Bottom of the 9th over - 1 run(s), 1 hit(s), 0 error(s), 0 left on base; Maui 7 - San Francisco 5
Monday, December 5th, 2016 - OOTP Baseball 17.12 Build 75